 Dungeon Crawl Stone Soup version 0.25-a0-290-g4a1327ee3a (webtiles) character file.

Game seed: 12375784087705921543, levelgen mode: classic

661 Borgoz the Cutter (level 7, -5/47 HPs)
             Began as a Halfling Gladiator on Dec 14, 2019.
             Slain by a centaur (9 damage)
             ... on level 5 of the Dungeon.
             The game lasted 00:05:10 (5696 turns).

Borgoz the Cutter (Halfling Gladiator)              Turns: 5696, Time: 00:05:11

Health: -5/47      AC:  4    Str: 17    XL:     7   Next: 86%
Magic:  8/8        EV: 17    Int:  6    God:
Gold:   192        SH:  0    Dex: 16    Spells: 6/6 levels left

rFire    . . .     SeeInvis .   a - +0 rapier
rCold    . . .     Gourm    .   (shield restricted)
rNeg     . . .     Faith    .   b - +0 leather armour
rPois    .         Spirit   .   c - +0 helmet
rElec    .         Reflect  .   (no cloak)
rCorr    .         Harm     .   (no gloves)
MR       .....                  (no boots)
Stlth    +.........             j - amulet of rage
HPRegen  0.15/turn              (no ring)
MPRegen  0.11/turn              (no ring)

@: no status effects
A: small, mutation resistance 1
a: Evoke Berserk Rage


You were on level 5 of the Dungeon.
You were not hungry.

You visited 1 branch of the dungeon, and saw 5 of its levels.

You collected 192 gold pieces.

Inventory:

Hand Weapons
 a - a +0 rapier (weapon)
Missiles
 d - 3 throwing nets (quivered)
Armour
 b - a +0 leather armour (worn)
 c - a +0 helmet (worn)
Jewellery
 j - an amulet of rage (around neck)
 q - an uncursed amulet of the acrobat
Scrolls
 e - 3 scrolls of blinking {unknown}
 g - a scroll of identify {unknown}
 h - 5 scrolls of remove curse {unknown}
 i - a scroll of random uselessness {unknown}
 n - 3 scrolls of fog {unknown}
 o - a scroll of magic mapping {unknown}
 p - a scroll of amnesia {unknown}
 s - a scroll of teleportation {unknown}
 u - a scroll of enchant armour {unknown}
 x - a scroll of enchant weapon {unknown}
Potions
 k - 2 potions of flight {unknown}
 l - a potion of magic {unknown}
 m - a potion of invisibility {unknown}
 t - a potion of curing {unknown}
 v - 2 potions of heal wounds {unknown}
 w - a potion of degeneration {unknown}
Comestibles
 f - 7 rations
 r - 2 chunks of flesh


   Skills:
 + Level 3.8 Fighting
 + Level 5.7 Short Blades
 + Level 4.2 Throwing
 + Level 5.2 Dodging
 + Level 2.4 Evocations


You had 6 spell levels left.
You didn't know any spells.
Your spell library was empty.

Dungeon Overview and Level Annotations

Branches:
Dungeon (5/15)
 Temple: D:4-7

Altars:
Cheibriados
Gozag
Ru
The Shining One


Innate Abilities, Weirdness & Mutations

You are small and have problems with some larger weapons.
You are somewhat resistant to further mutation.


Message History

You are too injured to fight recklessly!
You puncture the black bear!
You kill the black bear!
The centaur hits you.
You puncture the centaur!
The centaur is moderately wounded.
The centaur misses you.
A sky beast appears from thin air!
Reactivating autopickup.
You barely miss the centaur.
The centaur is moderately wounded.
The centaur hits you!
* * * LOW HITPOINT WARNING * * *
You hit the centaur but do no damage.
The centaur is moderately wounded.
The centaur barely misses you. The centaur hits you.
* * * LOW HITPOINT WARNING * * *
You hit the centaur.
The centaur is heavily wounded.
The centaur hits you!
You die...

#...##
#.####.#(!#..#............ #.###
#.# #.#Y)####........#### #.#
#.# #.###.Z#....####.##
..######.####.# #....# #..###
.###...##..#.## ##.#.# ##....
.......##..#.# ####.#.# ####.
####..####'#.# Z.##.#.# ##
#..'....#.####cY##.#.#
#..#.88.##...@###..#.#
#..#.88.########..##.#
####....##.......###.####
########.....##.......# ### #.##
#.....##.......####.. #..#
#.....##............#
###.#####.....##.......######
#........).............####
#####.....##................(.##


You could see a sky beast, a centaur and a centaur skeleton.

Vanquished Creatures
  A black bear (D:5)
  A phantom (D:5)
  A centaur (D:5)
  A scorpion (D:4)
  A howler monkey (D:5)
  A crimson imp (D:4)
  2 hounds (D:5)
  A worker ant (D:5)
  A hound zombie (D:5)
  4 adders
  3 gnolls (D:3)
  3 adder skeletons
  3 worms
  3 dart slugs
  2 leopard geckos
  4 orcs
  A ball python (D:2)
  6 bats
  12 giant cockroaches
  5 hobgoblins
  8 jackals
  8 kobolds
  2 quokkas (D:2)
  5 frilled lizards
  8 goblins
  A jackal zombie (D:5)
  10 rats
98 creatures vanquished.

Notes
Turn   | Place    | Note
-------+----------+-------------------------------------------
     0 | D:1      | Borgoz the Halfling Gladiator began the quest for the Orb.
     0 | D:1      | Reached XP level 1. HP: 14/14 MP: 1/1
   219 | D:1      | Reached XP level 2. HP: 19/19 MP: 2/2
   597 | D:1      | Reached XP level 3. HP: 23/24 MP: 3/3
  1938 | D:2      | Reached XP level 4. HP: 17/30 MP: 4/4
  3010 | D:3      | Reached XP level 5. HP: 16/35 MP: 5/5
  4170 | D:4      | Found an opulent altar of Gozag.
  4237 | D:4      | Reached skill level 5 in Short Blades
  4237 | D:4      | Reached skill level 1 in Evocations
  4237 | D:4      | Reached XP level 6. HP: 24/42 MP: 6/6
  5027 | D:5      | Entered Level 5 of the Dungeon
  5048 | D:5      | Noticed a phantom
  5064 | D:5      | Killed a phantom
  5064 | D:5      | Reached XP level 7. HP: 40/46 MP: 6/8
  5122 | D:5      | Found a snail-covered altar of Cheibriados.
  5229 | D:5      | Reached skill level 5 in Dodging
  5390 | D:5      | Found a sacrificial altar of Ru.
  5474 | D:5      | Found a glowing golden altar of the Shining One.
  5696 | D:5      | Slain by a centaur

Levels and vault maps discovered:
D:1:      dpeg_arrival_simpleton_b, layout_loops_corners, kennysheep_minor_cross
D:2:      layout_basic, first_ration
D:3:      minmay_recursive_quarters, layout_rooms
D:4:      layout_loops_corners, nicolae_gozag_seed_capital
D:5:      minmay_chambers_of_fours, layout_rooms, cheibriados_altar_1,
          nicolae_ru_path_of_blood, kennysheep_little_box, eino_curves_04

Skill      XL: |  1  2  3  4  5  6  7 |
---------------+----------------------+-----
Fighting       | 2 3 |  3.8
Short Blades   | 4 5 |  5.7
Dodging        | 4 5 |  5.2
Throwing       | 3 4 |  4.2
Evocations     | 1 2 |  2.4

Action                   |  1- 3 |  4- 6 |  7- 9 || total
-------------------------+-------+-------+-------++-------
Melee: Rapier            |   124 |   194 |    86 ||   404
Throw: Throwing net      |       |     1 |       ||     1
 Stab: Sleeping          |     1 |     4 |       ||     5
       Distracted        |       |     1 |       ||     1
  Eat: Ration            |     1 |       |       ||     1
       Chunk             |       |    10 |     2 ||    12
Armor: Leather armour    |    28 |    26 |    19 ||    73
Dodge: Dodged            |    98 |   128 |    83 ||   309

Table legend:
 A = Non-vault XP
 B = Vault XP
 C = Vault XP percentage of total XP
 D = Non-vault monster count
 E = Vault monster count
 F = Vault count percentage of total count
                 A         B        C        D         E       F
            +---------+---------+-------+---------+---------+-------
      Total |     800 |     145 |  15.3 |      91 |       7 |   7.1
            +---------+---------+-------+---------+---------+-------
        D:1 |      42 |       0 |   0.0 |      25 |       0 |   0.0
        D:2 |      78 |       0 |   0.0 |      21 |       0 |   0.0
        D:3 |      74 |      11 |  12.9 |      17 |       5 |  22.7
        D:4 |     157 |       0 |   0.0 |      14 |       0 |   0.0
        D:5 |     449 |     134 |  23.0 |      14 |       2 |  12.5
            +---------+---------+-------+---------+---------+-------
